 Dungeon Crawl Stone Soup version 0.23.2-40-g277498a001 (webtiles) character file.

Game seed: 8045129598643962193

2476 Gabide the Cleaver (level 9, -12/106 HPs)
             Began as a Human Chaos Knight on Sept 11, 2019.
             Was a Believer of Fedhas.
             Mangled by Harold
             ... wielding a +0 vampiric battleaxe
              (17 damage)
             ... on level 8 of the Dungeon on Oct 17, 2019.
             The game lasted 00:42:24 (9024 turns).

Gabide the Cleaver (Human Chaos Knight)             Turns: 9024, Time: 00:42:24

Health: -12/106    AC: 26    Str: 20    XL:     9   Next: 80%
Magic:  11/11      EV:  2    Int: 12    God:    Fedhas [**....]
Gold:   485        SH:  0    Dex: 14    Spells: 8/8 levels left

rFire    . . .     SeeInvis +   a - +1 hand axe (chaos)
rCold    . . .     Gourm    .   (no shield)
rNeg     + + +     Faith    .   (armour currently unavailable)
rPois    +         Spirit   .   (helmet currently unavailable)
rElec    .         Reflect  .   (cloak currently unavailable)
rCorr    .         Harm     .   (gloves currently unavailable)
MR       .....     NoTele   +   (boots currently unavailable)
Stlth    ++........             (no amulet)
HPRegen  0.27/turn              A - +2 ring of protection
MPRegen  0.12/turn              w - ring of see invisible

@: mighty, tree-form, marked
A: blurry vision 1
a: Fungal Bloom, Sunlight, Evolution, Renounce Religion


You were on level 8 of the Dungeon.
You worshipped Fedhas.
Fedhas was pleased with you.
You were not hungry.
You were a tree.
You visited 1 branch of the dungeon, and saw 8 of its levels.

You collected 485 gold pieces.

Inventory:

Hand Weapons
 a - a +1 hand axe of chaos (weapon)
 z - a +0 war axe
Missiles
 h - 94 stones (quivered)
Armour
 b - a +2 leather armour
 n - a +0 pair of gloves (melded)
 s - a +1 ring mail (melded)
Jewellery
 d - a +3 ring of intelligence
 i - an uncursed ring of protection from cold
 l - an uncursed ring of positive energy
 w - a ring of see invisible (right branch)
 A - a +2 ring of protection (left branch)
Wands
 f - a wand of random effects (19)
 k - a wand of disintegration (11)
 o - a wand of polymorph (8)
 y - a wand of enslavement (11)
 J - a wand of iceblast (4)
Scrolls
 e - 2 scrolls of blinking
 j - 4 scrolls of remove curse
 r - 11 scrolls of teleportation
 u - a scroll of fog
 v - 3 scrolls of amnesia
 B - a scroll of enchant weapon
 I - a scroll of magic mapping
Potions
 g - 3 potions of flight
 m - 3 potions of agility
 q - a potion of lignification
 t - a potion of berserk rage {unknown}
 D - a potion of invisibility {unknown}
 E - a potion of brilliance
 G - a potion of magic {unknown}
Comestibles
 c - 12 rations


   Skills:
 * Level 6.6 Fighting
 + Level 8.3 Axes
 + Level 2.9 Throwing
 + Level 4.7 Armour
 + Level 4.2 Dodging
 - Level 1.8 Stealth
 * Level 3.0 Evocations


You had 8 spell levels left.
You didn't know any spells.
Your spell library contained the following spells:

 Spells                   Type           Power        Failure   Level  Hunger
 Corona                   Hex            #......      32%         1    ##.....
 Sandblast                Erth           #.....       32%         1    ##.....
 Ensorcelled Hibernation  Hex/Ice        #.....       45%         2    ###....
 Passwall                 Tmut/Erth      #.......     45%         2    ###....
 Confuse                  Hex            #.......     69%         3    ####...
 Dazzling Spray           Conj/Hex       #.....       69%         3    ####...
 Stone Arrow              Conj/Erth      #.....       69%         3    ####...
 Tukima's Dance           Hex            #.......     69%         3    ####...
 Petrify                  Tmut/Erth      #.......     97%         4    #####..
 Lee's Rapid Deconstruct  Erth           #.........   100%        5    ######.


Dungeon Overview and Level Annotations

Branches:
Dungeon (8/15)             Temple (0/1) D:4
   Lair: D:8-11

Altars:
Ashenzari
Cheibriados
Fedhas
Gozag
Kikubaaqudgha
Qazlal
Uskayaw
Vehumet
Xom

Annotations:
D:8 Harold


Innate Abilities, Weirdness & Mutations

Scrolls take you a little longer to read.


Message History

Harold hits you with a +0 vampiric battleaxe!
* * * LOW HITPOINT WARNING * * *
You feel better.
Harold hits you with a +0 vampiric battleaxe!
* * * LOW HITPOINT WARNING * * *
You feel very mighty all of a sudden.
You slash Harold! You freeze Harold.
Harold is severely wounded.
Harold hits you with a +0 vampiric battleaxe.
* * * LOW HITPOINT WARNING * * *
You slash Harold! You burn Harold.
Harold is almost dead.
Harold points at you and mumbles some strange words.
The mark upon you grows brighter.
You hit Harold. You burn Harold.
Harold is almost dead.
Harold hits you with a +0 vampiric battleaxe!
You die...
Xom laughs nastily!
Fedhas appreciates your contribution to the ecosystem.

# ### # ##.. ## ..# .# #.#
##. .## ##.### ##.# .@..
#.####....####.. ....
#......#...#.... ..@.
######..##...##.## ..# #
##.##..###(♣# ..# # #..#..#
##@## #..## ########....#
##(.##....### .....#
##...###....(......# ♣....#
#.................. .....+
#..##....##.........
♣....#...#####..##........(
.....#.## ##............
######. ##......#####


You could see Harold.

Vanquished Creatures
  Pikel (D:8)
  Grinder (D:4)
  A hornet (shapeshifter) (D:7)
  A slave (D:8)
  A sky beast (D:6)
  4 ogres
  A centaur (D:5)
  A bullfrog (D:6)
  6 scorpions
  A crimson imp (D:5)
  4 hounds
  2 orc priests
  A jelly (D:8)
  5 orc wizards
  A bullfrog skeleton (D:5)
  Terence (D:3)
  6 worker ants
  A mummy (D:8)
  4 adders
  4 gnolls
  A howler monkey skeleton (D:8)
  A worker ant zombie (D:2)
  An ooze (D:3)
  An adder zombie (D:5)
  An adder skeleton (D:5)
  3 worms
  2 dart slugs (D:3)
  8 leopard geckos
  21 orcs
  2 bat zombies (D:2)
  4 giant cockroaches
  11 goblins
  10 hobgoblins
  6 jackals
  4 quokkas
  A ball python skeleton (D:4)
  7 bats
  7 frilled lizards
  5 kobolds
  A leopard gecko skeleton (D:4)
  2 quokka skeletons
  5 rats
151 creatures vanquished.

Vanquished Creatures (collateral kills)
  A worker ant (D:7)
  A leopard gecko (D:1)
  A giant cockroach (D:7)
3 creatures vanquished.

Vanquished Creatures (others)
  A slave (D:8)
  A wandering mushroom (D:7)
  An orc wizard (D:8)
  A leopard gecko (D:8)
  2 orcs (D:8)
  A jackal (D:2)
  A ball python (D:8)
  82 toadstools
90 creatures vanquished.

Grand Total: 244 creatures vanquished

Notes
Turn   | Place    | Note
-------+----------+-------------------------------------------
     0 | D:1      | Gabide the Human Chaos Knight began the quest for the Orb.
     0 | D:1      | Reached XP level 1. HP: 18/18 MP: 1/1
   182 | D:1      | Reached XP level 2. HP: 17/24 MP: 2/2
   418 | D:1      | Reached XP level 3. HP: 28/29 MP: 3/3
   632 | D:2      | Found a shimmering altar of Xom.
   633 | D:2      | Found a shimmering altar of Xom.
   696 | D:2      | Found an opulent altar of Gozag.
   708 | D:2      | Noticed a scorpion
   714 | D:2      | Killed a scorpion
   714 | D:2      | Reached skill level 4 in Axes
   714 | D:2      | Reached XP level 4. HP: 24/37 MP: 4/4
   891 | D:2      | XOM: divination: magic mapping
  1096 | D:2      | Reached XP level 5. HP: 37/42 MP: 5/5
  1191 | D:2      | Found a stormy altar of Qazlal.
  1207 | D:2      | XOM: harmless Air miscast
  1330 | D:2      | Found a blossoming altar of Fedhas.
  1366 | D:2      | Fell from the grace of Xom
  1366 | D:2      | Became a worshipper of Fedhas Madash
  1378 | D:2      | Found a shimmering altar of Xom.
  1380 | D:2      | Found a shimmering altar of Xom.
  1382 | D:2      | Found a shimmering altar of Xom.
  1499 | D:2      | XOM: medium Tloc miscast
  1846 | D:2      | XOM: give mutation
  1846 | D:2      | Gained mutation: Scrolls take you a little longer to read.
                  | [Xom's mischief]
  2134 | D:3      | Reached XP level 6. HP: 48/48 MP: 6/6
  2262 | D:3      | Reached skill level 5 in Axes
  2320 | D:3      | Noticed Terence
  2331 | D:3      | Killed Terence
  3305 | D:4      | Noticed Grinder
  3310 | D:4      | Paralysed by Grinder for 2 turns
  3318 | D:4      | Paralysed by Grinder for 3 turns
  3326 | D:4      | HP: 3/72 [something (4)]
  3329 | D:4      | Killed Grinder
  3329 | D:4      | Reached skill level 1 in Stealth
  3329 | D:4      | Reached XP level 7. HP: 9/55 MP: 7/7
  3593 | D:4      | Reached * piety under Fedhas
  3602 | D:4      | Reached skill level 6 in Axes
  3731 | D:4      | XOM: mild Pois miscast
  3938 | D:4      | Reached skill level 1 in Throwing
  4305 | D:4      | Found a staircase to the Ecumenical Temple.
  4339 | D:4      | XOM: mild Chrm miscast
  4573 | D:4      | Reached XP level 8. HP: 51/61 MP: 8/8
  4635 | D:4      | XOM: medium Summ miscast
  4772 | D:5      | Entered Level 5 of the Dungeon
  4982 | D:5      | Reached skill level 7 in Axes
  5053 | D:5      | Reached skill level 5 in Fighting
  5751 | D:5      | Found an ancient bone altar of Kikubaaqudgha.
  5885 | D:5      | Noticed a +0 dagger
  5886 | D:5      | Noticed a +0 dagger
  5888 | D:5      | Found a hide-covered altar of Uskayaw.
  5940 | D:5      | XOM: summons 1 hostile shadow creature
  6087 | D:6      | Reached ** piety under Fedhas
  6249 | D:6      | Reached skill level 1 in Evocations
  6249 | D:6      | Reached XP level 9. HP: 69/69 MP: 9/9
  6676 | D:7      | Found a radiant altar of Vehumet.
  6743 | D:7      | XOM: summons 1 hostile demon
  6874 | D:7      | Noticed a fire crab
  6874 | D:7      | a shapeshifter changed into a fire crab
  6894 | D:7      | Noticed a queen bee
  6894 | D:7      | a fire crab changed into a queen bee
  6899 | D:7      | Noticed an unseen horror
  6899 | D:7      | a queen bee changed into an unseen horror
  6905 | D:7      | Noticed a hornet
  6905 | D:7      | an unseen horror changed into a hornet
  6911 | D:7      | Killed a hornet
  7152 | D:7      | XOM: summons 8 hostile demons
  7516 | D:7      | Found a shattered altar of Ashenzari.
  7968 | D:8      | Noticed Pikel
  7985 | D:8      | Killed Pikel
  8166 | D:8      | Reached skill level 8 in Axes
  8451 | D:8      | XOM: mild Pois miscast
  8764 | D:8      | Found a snail-covered altar of Cheibriados.
  8992 | D:8      | Noticed Harold
  9022 | D:8      | HP: 5/106 [Harold/+0 vampiric battleaxe (6)]
  9024 | D:8      | Mangled by Harold

Skill      XL: |  1  2  3  4  5  6  7  8  9 |
---------------+----------------------------+-----
Axes           | 4 5 6 7 8 |  8.3
Fighting       | 4 5 6 |  6.6
Dodging        | 2 3 4 |  4.2
Stealth        | 1 |  1.8
Throwing       | 1 2 |  2.9
Armour         | 3 4 |  4.7
Evocations     | 1 3 |  3.0

Action                   |  1- 3 |  4- 6 |  7- 9 || total
-------------------------+-------+-------+-------++-------
Melee: Hand axe          |    76 |   159 |   348 ||   583
Throw: Javelin           |       |    12 |    15 ||    27
       Stone             |       |     7 |   102 ||   109
Invok: Fungal Bloom      |       |     9 |    26 ||    35
       Evolution         |       |       |     1 ||     1
Evoke: Wand              |       |       |    10 ||    10
  Use: Scroll            |     4 |     8 |    12 ||    24
       Potion            |       |     5 |     7 ||    12
 Stab: Paralysed         |       |     4 |     5 ||     9
       Sleeping          |       |     2 |     2 ||     4
       Petrifying        |       |     1 |     1 ||     2
       Confused          |       |       |     3 ||     3
       Petrified         |       |       |     1 ||     1
  Eat: Chunk             |       |     7 |     2 ||     9
       Ration            |       |       |     5 ||     5
Armor: Leather armour    |    31 |    48 |    12 ||    91
       Skin              |       |     5 |       ||     5
       Ring mail         |       |       |    87 ||    87
Dodge: Dodged            |    51 |    94 |   200 ||   345
